 Dungeon Sprint DCSS version 0.17.2 (webtiles) character file.

1183 Musica the Impaler (level 8, 0/105 HPs)
             Began as a Merfolk Gladiator on July 4, 2016.
             Was a Follower of Makhleb.
             Slain by a yak (3 damage)
             ... in the Dungeon (Sprint IX: "|||||||||||||||||||||||||||||").
             The game lasted 00:02:38 (163 turns).

Musica the Impaler (Merfolk Gladiator)               Turns: 163, Time: 00:02:38

Health: 0/105      AC: 10    Str: 23    XL:     8   Next: 42%
Magic:  2/15       EV: 15    Int: 10    God:    Makhleb [*.....]
Gold:   0          SH:  0    Dex: 17    Spells: 0 memorised, 7 levels left

rFire  . . .     SeeInvis .     p - +2 halberd (protect)
rCold  . . .     Clarity  .     b - +0 leather armour
rNeg   . . .     SustAt   .     (shield currently unavailable)
rPois  .         Gourm    .     c - +0 helmet
rElec  .         Spirit   .     a - +0 cloak
rCorr  .         Warding  .     (no gloves)
rMut   .         NoTele   +     (no boots)
MR     .....                    (no amulet)
Stlth  ..........               r - +3 ring of intelligence
                                q - +3 ring of strength

@: berserking (expiring), very quick, not resistant to hostile enchantments,
extremely unstealthy
A: change form in water, swift swim
a: Renounce Religion


You were in the Dungeon.
You worshipped Makhleb.
Makhleb was aware of your devotion.
You were not hungry.

You visited 1 branch

Inventory:

Hand Weapons
 p - a +2 halberd of protection (weapon)
Missiles
 d - 3 throwing nets (quivered)
Armour
 a - a +0 cloak (worn)
 b - a +0 leather armour (worn)
 c - a +0 helmet (worn)
Jewellery
 q - a +3 ring of strength (left hand)
 r - a +3 ring of intelligence (right hand)
Wands
 o - a wand of draining (7)
Scrolls
 k - 2 scrolls of blinking
 m - 3 scrolls of remove curse
 n - 2 scrolls of amnesia
Potions
 f - 5 potions of curing
 g - 3 potions of heal wounds
 h - a potion of haste
 i - 4 potions of magic
 l - a potion of invisibility
Comestibles
 e - a bread ration


   Skills:
 + Level 8.9 Fighting
 + Level 17.4 Polearms
 - Level 2.2 Throwing
 - Level 4.8 Dodging
 - Level 0.2 Stealth
 * Level 10.5 Invocations


You had 7 spell levels left.
You didn't know any spells.

Dungeon Overview and Level Annotations

Branches:
Dungeon (1/1)

Altars:
Cheibriados
Dithmenos
Elyvilon
Fedhas
Gozag
Kikubaaqudgha
Makhleb
Nemelex Xobeh
Okawaru
Qazlal
Ru
Sif Muna
Trog
Vehumet
Xom
Yredelemnul
Zin
The Shining One
Beogh
Jiyva
Lugonu


Message History

You feel a bit more experienced.
Unknown command.
You closely miss the water moccasin. You barely miss the water moccasin.
The water moccasin barely misses you.
You impale the water moccasin!!
The water moccasin is almost dead.
The water moccasin bites you but does no damage.
You hit the water moccasin.
You kill the water moccasin!
Makhleb accepts your kill.
Unknown command.
You closely miss the phantom.
The phantom is lightly damaged.
The phantom hits you.
* * * LOW HITPOINT WARNING * * *
The phantom blinks!
You impale the yak!!
The yak is severely wounded.
The yak gores you.
You die... ▓▓▓▓▓▓▓▓▓▓▓▓▓▓▓▓▓▓▓▓▓▓▓▓ +.....Y@W.[[))|..'______ ▓▓▓▓▓▓▓▓▓▓▓▓▓▓▓▓▓▓▓▓▓▓▓▓

You could see a yak and a phantom.

Vanquished Creatures
  2 unseen horrors (D)
  A water moccasin (D)
  An adder (D)
  An orc (D)
  A giant cockroach (D)
  A goblin (D)
  A hobgoblin (D)
  2 ball pythons (D)
  A giant cockroach zombie (D)
  2 rats (D)
13 creatures vanquished.

Notes
Turn   | Place    | Note
--------------------------------------------------------------
     0 | D        | Musica the Merfolk Gladiator began the quest for the Orb.
     0 | D        | Reached XP level 1. HP: 16/16 MP: 1/1
    10 | D        | Reached skill level 5 in Polearms
    39 | D        | Reached skill level 7 in Polearms
    39 | D        | Reached XP level 2. HP: 20/24 MP: 2/2
    56 | D        | Found a glowing silver altar of Zin.
    56 | D        | Found a glowing golden altar of the Shining One.
    56 | D        | Found an ancient bone altar of Kikubaaqudgha.
    56 | D        | Found a basalt altar of Yredelemnul.
    56 | D        | Found a shimmering altar of Xom.
    56 | D        | Found a radiant altar of Vehumet.
    57 | D        | Found an iron altar of Okawaru.
    58 | D        | Found a burning altar of Makhleb.
    59 | D        | Found a deep blue altar of Sif Muna.
    60 | D        | Found a bloodstained altar of Trog.
    61 | D        | Found a sparkling altar of Nemelex Xobeh.
    62 | D        | Found a white marble altar of Elyvilon.
    63 | D        | Found a roughly hewn altar of Beogh.
    64 | D        | Found a viscous altar of Jiyva.
    65 | D        | Found a corrupted altar of Lugonu.
    66 | D        | Found a blossoming altar of Fedhas.
    67 | D        | Found a snail-covered altar of Cheibriados.
    68 | D        | Found a shadowy altar of Dithmenos.
    69 | D        | Found a stormy altar of Qazlal.
    70 | D        | Found an opulent altar of Gozag.
    71 | D        | Found a sacrificial altar of Ru.
   101 | D        | Became a worshipper of Makhleb the Destroyer
   145 | D        | Noticed a yak
   145 | D        | Noticed a water moccasin
   145 | D        | Noticed a phantom
   150 | D        | Killed an unseen horror
   150 | D        | Reached skill level 15 in Polearms
   150 | D        | Reached XP level 3. HP: 12/37 MP: 2/8
   150 | D        | Reached XP level 4. HP: 14/44 MP: 2/10
   150 | D        | Reached XP level 5. HP: 15/49 MP: 2/11
   150 | D        | Reached XP level 6. HP: 17/56 MP: 2/12
   150 | D        | Reached XP level 7. HP: 18/61 MP: 2/13
   156 | D        | HP: 4/91 [something (3)]
   157 | D        | Killed an unseen horror
   157 | D        | Reached * piety under Makhleb
   157 | D        | Reached skill level 17 in Polearms
   157 | D        | Reached skill level 10 in Invocations
   157 | D        | Reached XP level 8. HP: 4/69 MP: 2/15
   161 | D        | Killed a water moccasin
   162 | D        | HP: 3/105 [phantom (2)]
   163 | D        | Slain by a yak

Action                   |  1- 3 |  4- 6 |  7- 9 || total
-------------------------+-------+-------+-------++-------
Melee: Trident           |    38 |       |       ||    38
       Halberd           |     4 |       |    12 ||    16
  Use: Potion            |     1 |       |       ||     1
 Stab: Distracted        |     1 |       |       ||     1
